 Dungeon Crawl Stone Soup version 0.21.1-1-g345015f (webtiles) character file.

39 tidbits the Charmwright (level 3, 0/31 HPs)
             Began as a Gnoll Skald on June 25, 2018.
             Slain by an orc
             ... wielding a +0 trident
              (9 damage)
             ... on level 3 of the Dungeon.
             The game lasted 00:03:26 (392 turns).

tidbits the Charmwright (Gnoll Skald)                Turns: 392, Time: 00:03:26

Health: 0/31       AC:  7    Str: 13    XL:     3   Next: 47%
Magic:  5/9        EV: 14    Int: 16    God:
Gold:   58         SH:  0    Dex: 14    Spells: 1/12 levels left

rFire    . . .     SeeInvis .   a - +0 hand axe
rCold    . . .     Gourm    .   (no shield)
rNeg     . . .     Faith    .   b - +0 leather armour
rPois    .         Spirit   .   (no helmet)
rElec    .         Reflect  .   (no cloak)
rCorr    .         Harm     .   (no gloves)
MR       .....                  F - +0 pair of boots
Stlth    +.........             o - amulet of magic regeneration
HPRegen  0.10/turn              U - +3 ring of protection
MPRegen  0.36/turn              (no ring)

@: singing, very slightly contaminated
A: distributed training, fangs 1, strong nose
a: no special abilities


You were on level 3 of the Dungeon.
You were not hungry.

You visited 1 branch of the dungeon, and saw 3 of its levels.

You collected 58 gold pieces.

Inventory:

Hand Weapons
 a - a +0 hand axe (weapon)
Missiles
 q - 11 arrows
Armour
 b - a +0 leather armour (worn)
 F - a +0 pair of boots (worn)
Jewellery
 o - an amulet of magic regeneration (around neck)
   (You found it on level 1 of the Dungeon)
 U - a +3 ring of protection (left hand)
   (You found it on level 2 of the Dungeon)
Scrolls
 g - a scroll of immolation {unknown}
 h - a scroll of blinking {unknown}
 i - 2 scrolls of teleportation
 l - a scroll of identify {unknown}
 n - a scroll of magic mapping {unknown}
 p - a scroll of remove curse {unknown}
Potions
 e - a potion of brilliance {unknown}
 f - a potion of cancellation {unknown}
 j - a potion of haste {unknown}
 k - 2 potions of agility {unknown}
Books
 c - a book of Battle

   Spells                             Type                      Level
   a - Infusion                       Charms                       1
   b - Shroud of Golubria             Charms/Translocation         2
   c - Song of Slaying                Charms                       2
   d - Spectral Weapon                Hexes/Charms                 3
   e - Regeneration                   Charms/Necromancy            3
Comestibles
 d - a ration


   Skills:
 + Level 4.5 Fighting
 + Level 0.8 Short Blades
 + Level 0.8 Long Blades
 + Level 4.5 Axes
 + Level 0.8 Maces & Flails
 + Level 0.8 Polearms
 + Level 0.8 Staves
 + Level 0.8 Slings
 + Level 0.8 Bows
 + Level 0.8 Crossbows
 + Level 0.8 Throwing
 + Level 2.6 Armour
 + Level 4.5 Dodging
 + Level 0.8 Stealth
 + Level 0.8 Shields
 + Level 0.8 Unarmed Combat
 + Level 5.0 Spellcasting
 + Level 0.5 Conjurations
 + Level 0.5 Hexes
 + Level 5.4 Charms
 + Level 0.5 Summonings
 + Level 0.5 Necromancy
 + Level 0.5 Translocations
 + Level 0.5 Transmutations
 + Level 0.5 Fire Magic
 + Level 0.5 Ice Magic
 + Level 0.5 Air Magic
 + Level 0.5 Earth Magic
 + Level 0.5 Poison Magic
 + Level 1.0 Invocations
 + Level 0.8 Evocations


You had one spell level left.
You knew the following spells:

 Your Spells              Type           Power        Failure   Level  Hunger
g - Shroud of Golubria    Chrm/Tloc      ##........   9%          2    #......
i - Infusion              Chrm           ###.         1%          1    None
r - Regeneration          Chrm/Necr      ##........   17%         3    ###....
w - Spectral Weapon       Hex/Chrm       ##......     17%         3    ###....
y - Song of Slaying       Chrm           ###.....     3%          2    #......


Dungeon Overview and Level Annotations

Branches:
Dungeon (3/15)

Altars:


Innate Abilities, Weirdness & Mutations

Your experience applies equally to all skills.
You have very sharp teeth.
Your uncanny sense of smell can sniff out nearby items.


Message History

Unknown command.
You see here 11 arrows.
q - 11 arrows
Found a stone staircase leading down.
There is a stone staircase leading down here.
Put on which piece of jewellery? (? for menu, Esc to quit)
m - a +3 ring of protection (left hand) Adjust (i)tems, (s)pells, or (a)bilities?
Adjust which item? (? for menu, Esc to quit)
m - a +3 ring of protection (left hand) Adjust to which letter? (? for menu, Esc to quit)
U - a +3 ring of protection (left hand)
As you read the scroll labeled RESKUA FIAZEOH, it crumbles to dust.
You feel strangely unstable.
It was a scroll of teleportation.
You climb downwards.
There is a stone staircase leading up here.
Unknown command.
Your surroundings suddenly seem different.
An orc comes into view.
The orc shouts!
An orc comes into view.
The orc shouts!
You hear a shout! x4
Found 23 stones.
An orc comes into view. It is wielding a hand axe.
An orc comes into view. It is wielding a falchion.
An orc comes into view. It is wielding a trident.
Casting: Shroud of Golubria
Confirm with . or Enter, or press ? or * to list all spells.
You miscast Spectral Weapon.
You are very lightly contaminated with residual magic.
The orc barely misses you.
An orc comes into view.
Casting: Spectral Weapon
Confirm with . or Enter, or press ? or * to list all spells.
You draw out your weapon's spirit!
The orc barely misses your spectral weapon.
The orc misses you.
Casting: Spectral Weapon
Confirm with . or Enter, or press ? or * to list all spells.
You start singing a song of slaying.
You hear an angry hiss.
The orc barely misses you.
The orc hits your spectral weapon with a hand axe.
A leopard gecko and an orc come into view.
You hit the orc.
The orc is lightly wounded.
Your spectral weapon hits the orc but does no damage. x2
The orc misses your spectral weapon. x2; The orc hits you with a hand axe.
You hit the orc.
The orc is moderately wounded.
Your spectral weapon hits the orc!
You kill the orc!
Your spectral weapon closely misses the orc.
Your spectral weapon hits the orc but does no damage.
The orc hits you from afar with a trident!
The orc closely misses your spectral weapon.
You swap places.
You hear a shout!
The orc barely misses you. x2
The orc hits your spectral weapon with a falchion.
Your spectral weapon shares its damage with you!
An orc comes into view.
You hit the orc.
The orc is heavily wounded.
You hit the orc. x3; The orc hits you. x2; The orc barely misses you.
The orc hits your spectral weapon with a falchion.
Your spectral weapon shares its damage with you!
* * * LOW HITPOINT WARNING * * *
A hobgoblin comes into view. It is wielding a club.
You closely miss the orc.
The orc is heavily wounded.
You hit the orc.
You kill the orc!
You hit the orc but do no damage. You hit the orc.
The orc hits you but does no damage. The orc hits you with a trident.
* * * LOW HITPOINT WARNING * * *
The orc closely misses you.
You barely miss the orc. You bite the orc, but do no damage.
The orc is heavily wounded.
You barely miss the orc. You hit the orc but do no damage.
You miss the leopard gecko. The leopard gecko barely misses you.
The orc hits you but does no damage. The leopard gecko misses you.
The orc hits you but does no damage.
The orc closely misses your spectral weapon.
You hit the orc but do no damage.
The orc is moderately wounded.
You barely miss the leopard gecko. You hit the orc but do no damage.
You hit the orc.
You kill the orc!
Your spectral weapon hits the orc.
You kill the orc!
The leopard gecko barely misses you. The orc hits you with a trident.
* * * LOW HITPOINT WARNING * * *
You closely miss the orc. x2; You hit the orc.
You hit the leopard gecko.
You kill the leopard gecko!
Your spectral weapon hits the orc!
You kill the orc!
Your Invocations skill increases to level 1!
The orc closely misses you. The orc hits you with a trident!
You die...

## #. #.
#.
..####[###
...g.oo@(#
..####o#)#
#.#.#
#....(.#
###.#...#
#...#.#
### . # .#
#


You could see 3 orcs, a hobgoblin and a friendly spectral hand axe.

Vanquished Creatures
  2 dart slugs (D:2)
  4 leopard geckos
  5 orcs (D:3)
  4 bats
  2 giant cockroaches
  A goblin (D:1)
  2 hobgoblins
  A frilled lizard (D:2)
  A kobold (D:1)
  4 rats
26 creatures vanquished.

Notes
Turn   | Place    | Note
-------+----------+-------------------------------------------
     0 | D:1      | tidbits the Gnoll Skald began the quest for the Orb.
     0 | D:1      | Reached XP level 1. HP: 20/20 MP: 6/6
    79 | D:1      | Reached XP level 2. HP: 24/26 MP: 2/7
    83 | D:1      | Learned a level 2 spell: Song of Slaying
    86 | D:1      | Learned a level 2 spell: Shroud of Golubria
   249 | D:2      | Reached XP level 3. HP: 30/31 MP: 3/9
   254 | D:2      | Learned a level 3 spell: Regeneration
   258 | D:2      | Learned a level 3 spell: Spectral Weapon
   338 | D:2      | Reached skill level 5 in Spellcasting
   392 | D:3      | Reached skill level 1 in Invocations
   392 | D:3      | Slain by an orc

Skill      XL: |  1  2  3 |
---------------+----------+-----
Spellcasting   | 5 |  5.0
Invocations    | 1 |  1.0
Fighting       | |  4.5
Short Blades   | |  0.8
Long Blades    | |  0.8
Axes           | |  4.5
Maces & Flails | |  0.8
Polearms       | |  0.8
Staves         | |  0.8
Slings         | |  0.8
Bows           | |  0.8
Crossbows      | |  0.8
Throwing       | |  0.8
Armour         | |  2.6
Dodging        | |  4.5
Stealth        | |  0.8
Shields        | |  0.8
Unarmed Combat | |  0.8
Conjurations   | |  0.5
Hexes          | |  0.5
Charms         | |  5.4
Summonings     | |  0.5
Necromancy     | |  0.5
Translocations | |  0.5
Transmutations | |  0.5
Fire Magic     | |  0.5
Ice Magic      | |  0.5
Air Magic      | |  0.5
Earth Magic    | |  0.5
Poison Magic   | |  0.5
Evocations     | |  0.8

Action                   || total
-------------------------++-------
Melee: Hand axe          ||    50
       Bite              ||     3
 Cast: Infusion          ||     4
       Song of Slaying   ||     5
       Shroud of Golubri ||     1
       Spectral Weapon   ||     1
  Use: Scroll            ||     1
Armor: Leather armour    ||    14
Dodge: Dodged            ||    49

Table legend:
 A = Turns spent in this place as a percentage of turns spent in the entire game.
 B = Non-inter-level travel turns spent in this place as a percentage of non-inter-level travel turns spent in the entire game.
 C = Inter-level travel turns spent in this place as a percentage of turns spent in this place.
 D = Turns resting spent in this place as a percentage of non-inter-level travel turns spent in this place.
 E = Turns spent auto-exploring this place as a percentage of non-inter-level travel turns spent in this place.
 F = Non-inter-level travel turns spent in this place divided by the number of levels of this place that you've seen.
                   A       B       C       D       E      F
               +-------+-------+-------+-------+-------+----------------------
         Total | 100.0 | 100.0 |   0.0 |   0.0 |   0.0 | 130.7
       Dungeon | 100.0 | 100.0 |   0.0 |   0.0 |   0.0 | 130.7
               +-------+-------+-------+-------+-------+----------------------

Table legend:
 A = Kills in this place as a percentage of kills in entire the game.
 B = Kills by you in this place as a percentage of kills by you in the entire game.
 C = Kills by friends in this place as a percentage of kills by friends in the entire game.
 D = Other kills in this place as a percentage of other kills in the entire game.
 E = Experience gained in this place as a percentage of experience gained in the entire game.
 F = Experience gained in this place divided by the number of levels of this place that you have seen.
                   A       B       C       D       E      F
               +-------+-------+-------+-------+-------+----------------------
         Total | 100.0 | 100.0 |   N/A |   N/A | 100.0 |  19.0
       Dungeon | 100.0 | 100.0 |   N/A |   N/A | 100.0 |  19.0
               +-------+-------+-------+-------+-------+----------------------

Vault maps used:
D:1:      saegor_arrival_simple_b
D:3:      uniq_robin
